Map: Ever Dream LE

Players

PeterPan - Winner!

  • Race: Protoss Protoss
  • League: Gold
  • Spawn Location: 7:00

KingArthur

  • Race: Zerg Zerg
  • League: Gold
  • Spawn Location: 1:00

VOD

Have the link to the VOD?

Description

Time

  • Played on: Sept. 15, 2020, 9:20 p.m.
  • Length: 8:22
Show
View Real Time Build Order
Export as new Build Order

PeterPan Protoss - Winner!

Build Orders: Forge Fast Expand (FFE) 

Get SALT Encoding   

  12  0:01  Probe (Chrono Boost)  
  13  0:11  Probe (Chrono Boost)  
  14  0:16  Probe (Chrono Boost)  
  15  0:24  Pylon  
  15  0:42  Probe  
  16  0:50  Forge  
  16  0:54  Probe  
  17  1:01  Gateway  
  17  1:06  Probe  
  18  1:14  Pylon  
  18  1:30  Nexus  
  17  1:41  Photon Cannon  
  17  1:50  Photon Cannon  
  17  1:58  Zealot  
  19  2:09  Cybernetics Core  
  19  2:20  Pylon  
  19  2:21  Probe (Chrono Boost)  
  20  2:29  Assimilator  
  21  2:31  Probe (Chrono Boost)  
  21  2:36  Probe (Chrono Boost)  
  21  2:38  Assimilator  
  22  2:56  Probe (Chrono Boost)  
  23  3:05  Gateway  
  24  3:07  Probe (Chrono Boost), Gateway  
  25  3:13  Probe (Chrono Boost)  
  25  3:16  Probe (Chrono Boost)  
  26  3:21  Probe (Chrono Boost)  
  26  3:24  Probe (Chrono Boost)  
  26  3:26  Probe (Chrono Boost)  
  28  3:27  Zealot  
  31  3:35  Probe (Chrono Boost)  
  31  3:37  Probe (Chrono Boost)  
  31  3:40  Twilight Council  
  33  3:47  Probe (Chrono Boost)  
  35  3:50  Probe (Chrono Boost), Warp Gate  
  35  3:55  Probe (Chrono Boost)  
  36  3:56  Probe (Chrono Boost)  
  36  4:01  Probe, Stalker  
  39  4:04  Probe  
  39  4:07  Stalker  
  43  4:11  Zealot  
  45  4:17  Pylon  
  45  4:21  Pylon  
  45  4:22  Probe  
  46  4:35  Robotics Facility  
  46  4:37  Dark Shrine  
  44  4:44  Assimilator  
  44  4:47  Assimilator  
  44  4:52  Probe x2 (Chrono Boost)  
  46  4:59  Charge  
  46  5:03  Probe x2 (Chrono Boost)  
  48  5:08  Probe x2 (Chrono Boost)  
  48  5:14  Gateway  
  50  5:16  Gateway  
  50  5:18  Probe x2  
  45  5:29  Zealot  
  45  5:33  Photon Cannon x2  
  45  5:34  Photon Cannon  
  45  5:42  Zealot x2  
  48  5:56  Zealot  
  50  6:02  Probe x2  
  52  6:10  Photon Cannon  
  52  6:11  Photon Cannon  
  52  6:14  Probe  
  52  6:15  Shield Battery  
  53  6:19  Photon Cannon  
  53  6:20  Photon Cannon  
  53  6:23  Warp Prism  
  53  6:24  Zealot  
  53  6:33  Dark Templar  
  53  6:34  Dark Templar x2  
  53  6:35  Dark Templar  
  36  7:09  Probe (Chrono Boost)  
  36  7:10  Probe (Chrono Boost)  
  38  7:20  Probe (Chrono Boost)  
  38  7:21  Probe (Chrono Boost)  
  40  7:25  Probe x2 (Chrono Boost)  
  41  7:35  Probe  
  41  7:36  Probe  
  43  7:44  Dark Templar x3  
  43  7:45  Dark Templar  
  43  7:47  Probe  
  43  7:48  Probe  
  48  7:57  Zealot  
  48  7:58  Zealot  
  52  8:00  Probe x2  
  54  8:18  Dark Templar x2  
  54  8:19  Dark Templar x2  
Show
View Real Time Build Order
Export as new Build Order

KingArthur Zerg 

Build Orders: Hatch First, Zergling Baneling 

Get SALT Encoding   

  12  0:03  Drone  
  13  0:13  Overlord  
  13  0:17  Drone  
  14  0:32  Drone x2  
  16  0:49  Hatchery  
  15  0:52  Drone  
  15  0:56  Drone  
  17  0:59  Drone  
  17  1:03  Extractor  
  17  1:33  Drone  
  17  1:34  Drone  
  19  1:57  Spawning Pool  
  19  2:01  Drone  
  19  2:04  Drone  
  20  2:25  Overlord  
  20  2:45  Metabolic Boost, Baneling Nest  
  20  2:47  Queen x2  
  20  2:50  Zergling x2  
  24  3:03  Zergling x2  
  24  3:04  Zergling x2  
  26  3:07  Zergling x4  
  26  3:11  Overlord  
  28  3:23  Overlord  
  28  3:31  Zergling x2  
  28  3:32  Zergling x6  
  32  3:45  Zergling x4  
  34  3:57  Zergling x4  
  36  4:03  Overlord  
  36  4:05  Zergling x6  
  39  4:17  Baneling x6  
  39  4:23  Zergling x4  
  39  4:24  Zergling x2  
  36  4:52  Baneling x8  
  36  5:00  Zergling x12  
  36  5:07  Zergling x4  
  38  5:15  Baneling  
  38  5:20  Zergling x6  
  37  5:29  Zergling x6  
  39  5:46  Zergling x6  
  41  5:58  Zergling x4  
  39  6:30  Baneling  
  32  6:53  Zergling x24  
  39  7:08  Zergling x4  
  38  7:15  Zergling x4  
  39  7:29  Baneling x4  
  39  7:30  Baneling x8  
  39  7:41  Zergling x8  
  29  8:00  Zergling x12  
Tags
 
Add a new tag
Caveats
  • Supply blocks, unpowered buildings, or Contaminate may cause inaccurate times.
  • Supply counts are checked every 10 seconds.